 Dungeon Crawl Stone Soup version 0.28.0-49-g6dfe1f597d (webtiles) character file.

Game seed: 2433735114076025019

891 Exodus22XD the Chopper (level 7, -1/61 HPs)
             Began as a Minotaur Fighter on May 14, 2022.
             Was a Priest of the Shining One.
             Succumbed to a water moccasin's poison
             ... on level 5 of the Dungeon.
             The game lasted 00:03:18 (4054 turns).

Exodus22XD the Chopper (Minotaur Fighter)           Turns: 4054, Time: 00:03:18

Health: -1/61      AC:  8    Str: 22    XL:     7   Next: 78%
Magic:  8/8        EV:  9    Int:  5    God:    the Shining One [***...]
Gold:   153        SH:  4    Dex: 10    Spells: 6/6 levels left

rFire   . . .      SeeInvis .   p - +2 hand axe (elec)
rCold   . . .      Faith    .   c - +0 buckler
rNeg    + . .      Spirit   .   b - +0 scale mail
rPois   .          Reflect  .   (helmet restricted)
rElec   .          Harm     .   (no cloak)
rCorr   .          Rampage  .   (no gloves)
Will    .....                   h - +0 pair of boots
Stlth   ..........              (no amulet)
HPRegen 0.20/turn               (no ring)
MPRegen 0.11/turn               (no ring)

@: brilliant, lethally poisoned (-1 -> -18), marked, attractive, glowing,
studying Dodging
A: horns 2, retaliatory headbutt
a: Renounce Religion, Divine Shield, Cleansing Flame


You were on level 5 of the Dungeon.
You worshipped the Shining One.
The Shining One was most pleased with you.
You visited 1 branch of the dungeon, and saw 5 of its levels.

You collected 153 gold pieces.

Inventory:

Hand Weapons
 a - a +0 war axe
 p - a +2 hand axe of electrocution (weapon)
 r - a +0 morningstar
Armour
 b - a +0 scale mail (worn)
 c - a +0 buckler (worn)
 h - a +0 pair of boots (worn)
Jewellery
 q - a ring of ice
Scrolls
 f - 2 scrolls of blinking {unknown}
 j - 2 scrolls of enchant weapon {unknown}
 m - 4 scrolls of identify {unknown}
 n - 2 scrolls of summoning {unknown}
 t - a scroll of amnesia {unknown}
Potions
 d - 3 potions of might
 e - a potion of attraction
 g - a potion of brilliance
 i - a potion of degeneration {unknown}
 k - a potion of cancellation {unknown}
 l - a potion of lignification {unknown}
 o - a potion of ambrosia {unknown}
 s - a potion of heal wounds {unknown}
 u - a potion of invisibility {unknown}


   Skills:
 + Level 5.0 Fighting
 + Level 7.1 Axes
 + Level 6.2 Armour
 + Level 0.8 Dodging
 - Level 4.4 Shields
 * Level 3.6 Invocations


You had 6 spell levels left.
You didn't know any spells.
Your spell library contained the following spells:

 Spells                   Type           Power      Damage    Failure   Level
 Blade Hands              Tmut           0%         N/A       100%        5
 Irradiate                Conj/Tmut      0%         3d14      100%        5
 Dragon Form              Tmut           0%         N/A       100%        7


Dungeon Overview and Level Annotations

Branches:
Dungeon (5/15)
 Temple: D:4-7

Altars:
Cheibriados
Dithmenos
Elyvilon
Hepliaklqana
Vehumet
Yredelemnul
The Shining One
Beogh

Annotations:
D:4 3 runed translucent doors, Peloso's ghost, amateur MiFi


Innate Abilities, Weirdness & Mutations

You have a pair of horns on your head.
You reflexively headbutt those who attack you in melee.


Message History

The water moccasin bites you.
The orc wizard hits you with a +0 dagger.
You're too confused to move!
The water moccasin bites you but does no damage.
The orc wizard gestures at you while chanting.
You resist with some effort.
You're too confused to move!
You are no longer corroded.
The water moccasin bites you.
You are poisoned.
The water moccasin poisons you!
The orc wizard hits you but does no damage.
The water moccasin bites you!
Okay, then.
You feel less confused.
You feel very sick. The orc wizard casts a spell at you.
The puff of flame hits you!
You closely miss the orc wizard. Your headbutt misses the orc wizard.
The orc wizard is almost dead.
You hit the water moccasin but do no damage.
Lightning courses through the water moccasin!
You feel very sick. The water moccasin barely misses you.
The orc wizard points at you and mumbles some strange words.
The puff of flame hits you!
* * * LOW HITPOINT WARNING * * *
It was a potion of brilliance.
You feel clever all of a sudden.
* * * LOW HITPOINT WARNING * * *
You feel sick. The water moccasin bites you.
* * * LOW HITPOINT WARNING * * *
You are more poisoned.
The water moccasin poisons you! The phantom hits you.
* * * LOW HITPOINT WARNING * * *
The phantom blinks!
You blink.
Found a scroll labelled CEAHES CI OTAW and a short jewelled staff.
It was a potion of attraction.
You feel attractive to monsters.
You die...

...........|# ...........#.
........?... .........# ..
........#####.#####
###########..................
#....#....#..W...............
#....#....#.@................
#....#....#..................
#....'....#..................
#....#....#..=..))...........
#....#....#.....S).########'#
#...##....#.....§..#...#....#
#...########.......#...'....+
#>.........#.......#...#....#
#..........#.......'.†.#....#


You could see a phantom and a water moccasin.

Vanquished Creatures
  Menkaure (D:4)
  2 scorpions
  A jelly (D:5)
  2 centaur skeletons (D:4)
  4 hounds
  5 orc priests
  An iguana (D:4)
  Jessica (D:3)
  2 orc wizards
  A hound skeleton (D:4)
  7 adders
  An ufetubus (D:5)
  2 worms
  2 dart slugs
  23 orcs
  A bat (D:3)
  6 endoplasms
  2 giant cockroaches
  5 goblins
  6 hobgoblins
  A quokka (D:3)
  3 ball pythons
  5 frilled lizards
  7 kobolds
  3 rats
94 creatures vanquished.

Notes
Turn   | Place    | Note
-------+----------+-------------------------------------------
     0 | D:1      | Exodus22XD the Minotaur Fighter began the quest for the
                  | Orb.
     0 | D:1      | Reached XP level 1. HP: 19/19 MP: 0/0
   275 | D:1      | Found a faded altar of an unknown god.
   286 | D:1      | Prayed at the altar of an unknown god.
   286 | D:1      | Became a worshipper of the Shining One
   286 | D:1      | Reached * piety under the Shining One
   320 | D:1      | Reached XP level 2. HP: 27/27 MP: 1/1
   782 | D:2      | Reached skill level 3 in Axes
   782 | D:2      | Reached XP level 3. HP: 23/33 MP: 2/2
   960 | D:2      | Reached skill level 1 in Invocations
  1132 | D:2      | Reached XP level 4. HP: 37/40 MP: 3/3
  1237 | D:2      | Found a radiant altar of Vehumet.
  1256 | D:2      | You fall into a shaft and drop 1 floor!
  1287 | D:3      | Identified the +1 spear "Earthworm" {pain, Str+4}
  1372 | D:3      | Reached skill level 4 in Axes
  1412 | D:3      | Noticed Jessica
  1415 | D:3      | Killed Jessica
  1415 | D:3      | Reached ** piety under the Shining One
  1416 | D:3      | Reached XP level 5. HP: 46/46 MP: 5/5
  2078 | D:4      | Reached skill level 5 in Armour
  2079 | D:4      | Reached skill level 5 in Axes
  2136 | D:4      | Found a basalt altar of Yredelemnul.
  2176 | D:4      | Reached XP level 6. HP: 53/53 MP: 6/6
  2214 | D:4      | Noticed Menkaure
  2221 | D:4      | Killed Menkaure
  2448 | D:4      | Found a runed translucent gate.
  2448 | D:4      | Noticed Peloso's ghost (amateur MiFi)
  2449 | D:4      | Found a runed translucent gate.
  2450 | D:4      | Found a runed translucent gate.
  2451 | D:4      | Identified the +11 dagger of Otil Qio {holy, rF+ Str+8
                  | Dex-2 Stlth-}
  2638 | D:4      | Found a snail-covered altar of Cheibriados.
  2643 | D:4      | Reached skill level 6 in Axes
  2643 | D:4      | Reached XP level 7. HP: 44/60 MP: 8/8
  2842 | D:4      | Found a hazy altar of Hepliaklqana.
  2844 | D:4      | Found a shadowy altar of Dithmenos.
  2844 | D:4      | Noticed a shadow
  2909 | D:4      | Found a white marble altar of Elyvilon.
  3609 | D:5      | Entered Level 5 of the Dungeon
  3859 | D:5      | Reached *** piety under the Shining One
  3897 | D:5      | Reached skill level 5 in Fighting
  4035 | D:5      | Reached skill level 7 in Axes
  4053 | D:5      | HP: 3/61 [phantom (1)]
  4054 | D:5      | Succumbed to a water moccasin's poison

Illustrated notes

Levels and vault maps discovered:
D:1:      minmay_arrival_solitary_statue, layout_basic, basic_ecumenical_altar
D:2:      cheibrodos_helix_gallery, layout_basic, basic_altar
D:3:      layout_basic, uniq_jessica
D:4:      layout_layer_cave, riverfiend_overflow_shadow_ancestor,
          elyvilon_altar_3, cheibriados_altar_2,
          mainiacjoe_overflow_six_doors_small, biasface_ghost_orc_armoury,
          minmay_manual_monstrance, uniq_menkaure
D:5:      layout_gridville, mainiacjoe_overflow_catwalk_spiral,
          grunt_decor_fettered

Skill      XL: |  1  2  3  4  5  6  7 |
---------------+----------------------+-----
Armour         | 4 5 6 |  6.2
Fighting       | 4 5 |  5.0
Axes           | 3 4 5 6 7 |  7.1
Shields        | 4 |  4.4
Invocations    | 1 2 3 |  3.6
Dodging        | |  0.8

Action                   |  1- 3 |  4- 6 |  7- 9 || total
-------------------------+-------+-------+-------++-------
Melee: War axe           |    42 |    59 |       ||   101
       Headbutt          |     7 |    16 |    11 ||    34
       Hand axe          |       |    10 |    61 ||    71
  Use: Potion            |       |       |     2 ||     2
Armor: Scale mail        |    17 |    28 |    31 ||    76
Dodge: Dodged            |     9 |    32 |    19 ||    60
Block: Buckler           |     6 |    13 |     8 ||    27
